 Dungeon Crawl Stone Soup version 0.28-b1 (webtiles) character file.

Game seed: 9901843640762330044

1609 Descartes the Covered (level 9, -6/61 (62) HPs)
             Began as a Formicid Warper on Jan 26, 2022.
             Was an Initiate of Gozag.
             Mangled by a two-headed ogre (11 damage)
             ... on level 6 of the Dungeon.
             The game lasted 00:16:47 (6951 turns).

Descartes the Covered (Formicid Warper)             Turns: 6951, Time: 00:16:49

HP:   -6/61 (62)    AC: 14    Str: 20    XL:     9   Next: 16%
MP:   12/12         EV:  7    Int: 13    God:    Gozag
Gold: 314           SH:  0    Dex: 10    Spells: 4/12 levels left

rFire   . . .      SeeInvis +   r - +2 whip (elec)
rCold   + . .      Faith    .   (no shield)
rNeg    . . .      Spirit   .   H - +0 plate armour
rPois   .          Reflect  .   (helmet unavailable)
rElec   .          Harm     .   d - +0 cloak
rCorr   .          Rampage  .   (no gloves)
Will    .....                   (no boots)
Stlth   ..........              m - amulet of regeneration
HPRegen 1.00/turn               t - ring of protection from cold
MPRegen 0.13/turn               b - ring of flight

@: flying, lightly drained
A: permanent stasis, dig shafts and tunnels, antennae 3, four strong arms
a: Dig, Shaft Self, Renounce Religion, Potion Petition, Call Merchant, Bribe
Branch


You were on level 6 of the Dungeon.
You worshipped Gozag.
Gozag was aware of your devotion.
You visited 2 branches of the dungeon, and saw 8 of its levels.

You collected 424 gold pieces.
You paid 110 gold pieces to Gozag.

Inventory:

Hand Weapons
 p - a +3 quarterstaff of chaos
 r - a +2 whip of electrocution (weapon)
 w - a +2 dagger of venom
Missiles
 c - 5 boomerangs of dispersal (quivered)
 e - 193 stones
 s - 3 poisoned darts
 G - 9 boomerangs
Armour
 d - a +0 cloak (worn)
 H - a +0 plate armour (worn)
Jewellery
 b - a ring of flight (right hand)
 l - an amulet of reflection
 m - an amulet of regeneration (around neck)
 t - a ring of protection from cold (left hand)
Wands
 u - a wand of flame (29)
 z - a wand of acid (14)
Scrolls
 f - 2 scrolls of magic mapping {unknown}
 h - 2 scrolls of noise {unknown}
 i - 2 scrolls of teleportation {unknown}
 j - 2 scrolls of amnesia {unknown}
 v - 8 scrolls of identify {unknown}
 y - 2 scrolls of fog {unknown}
 B - a scroll of enchant armour {unknown}
 D - a scroll of torment {unknown}
 E - a scroll of fear {unknown}
 F - 2 scrolls of silence {unknown}
Potions
 a - a potion of haste {unknown}
 g - a potion of might {unknown}
 k - a potion of lignification {unknown}
 n - 2 potions of mutation {unknown}
 q - a potion of ambrosia {unknown}
 x - a potion of invisibility {unknown}
 A - 2 potions of degeneration {unknown}
 C - a potion of heal wounds {unknown}
 I - a potion of berserk rage {unknown}
 J - a potion of curing {unknown}
 K - a potion of resistance {unknown}


   Skills:
 - Level 2.5 Fighting
 + Level 4.1 Maces & Flails
 - Level 1.3 Throwing
 + Level 7.6 Armour
 - Level 2.0 Dodging
 - Level 2.4 Spellcasting
 + Level 6.9 Translocations
 + Level 1.8 Evocations


You had 4 spell levels left.
You knew the following spells:

 Your Spells              Type           Power      Damage    Failure   Level
a - Teleport Other        Tloc           19%        N/A       65%         3
b - Manifold Assault      Tloc           19%        N/A       100%        5

Your spell library contained the following spells:

 Spells                   Type           Power      Damage    Failure   Level
 Gell's Gravitas          Tloc           19%        N/A       65%         3
 Lesser Beckoning         Tloc           19%        N/A       65%         3
 Confusing Touch          Hex            1%         N/A       100%        3
 Ozocubu's Armour         Ice            1%         N/A       100%        3
 Metabolic Englaciation   Hex/Ice        0%         N/A       100%        5
 Yara's Violent Unravell  Hex/Tmut       0%         3d3       100%        5
 Simulacrum               Ice/Necr       0%         N/A       100%        6
 Enfeeble                 Hex            0%         N/A       100%        7
 Blink                    Tloc           Unusable   N/A       N/A         2

Dungeon Overview and Level Annotations

Branches:
Dungeon (7/15)             Temple (1/1) D:6

Altars:
Cheibriados
Dithmenos
Elyvilon
Fedhas
Gozag
Kikubaaqudgha
Makhleb
Nemelex Xobeh
Ru
Sif Muna
Uskayaw
Vehumet
Xom
Zin
The Shining One

Shops:
D:4 (


Innate Abilities, Weirdness & Mutations

You cannot be hasted, slowed, berserked, paralysed or teleported.
You can dig through walls and to a lower floor.
You have a pair of large antennae on your head. (SInv)
Your four strong arms can wield two-handed weapons with a shield.


Message History

There is a stone staircase leading up here.
The two-headed ogre barely misses you.
The two-headed ogre hits you with a +0 giant club!
* * * LOW HITPOINT WARNING * * *
You fly upwards.
There is a stone staircase leading down here.
You see here 11 arrows.
The two-headed ogre hits you with a +0 giant club.
The two-headed ogre hits you but does no damage.
You hit the two-headed ogre.
The two-headed ogre is heavily wounded.
The two-headed ogre barely misses you. x2
You hit the two-headed ogre.
The two-headed ogre is heavily wounded.
You hit the two-headed ogre.
Lightning courses through the two-headed ogre!
The two-headed ogre is almost dead.
The two-headed ogre hits you with a +0 giant club.
The two-headed ogre hits you with a +0 giant club!!
You whack the two-headed ogre!
The two-headed ogre is almost dead.
The two-headed ogre hits you with a +0 giant club!!
* * * LOW HITPOINT WARNING * * *
The two-headed ogre hits you with a +0 giant club.
* * * LOW HITPOINT WARNING * * *
The two-headed ogre hits you with a +0 giant club.
The two-headed ogre barely misses you.
You hit the two-headed ogre.
The two-headed ogre is severely wounded.
You hit the two-headed ogre.
The two-headed ogre is almost dead.
The two-headed ogre hits you with a +0 giant club!!
The two-headed ogre barely misses you.
You hit the two-headed ogre.
The two-headed ogre is almost dead.
The two-headed ogre hits you with a +0 giant club!
* * * LOW HITPOINT WARNING * * *
The two-headed ogre hits you with a +0 giant club!
You die...
Your body crumbles into a pile of gold.

≈≈.≈.......[.......###
≈≈≈.###...........≈≈≈# ≈≈≈.#
##....≈......≈##
≈≈≈≈###.###.≈≈.......#
≈≈..##.## ###≈≈.....##
≈≈≈≈###.# #.≈..≈..# ≈≈≈≈##)##
####...≈..######## ≈≈≈.###.#
#≈≈≈#.≈≈.........### ≈≈≈.# ###
###≈.O@............##
≈≈.##########≈.≈≈........####.#
.##...........≈≈........## ###
##............≈..###....#
#...).######...### ##...#
...≈≈.# ##### #...# ..).≈.#
#...# ..≈≈≈.# #...# ......#
#...#


You could see a two-headed ogre.

Vanquished Creatures
  Menkaure (D:5)
  A water moccasin (D:4)
  A hornet zombie (D:6)
  Duvessa (D:5)
  An ogre (D:6)
  A phantom (D:6)
  A kobold brigand (D:4)
  Blork the orc (D:6)
  A scorpion (D:4)
  A wyvern zombie (D:4)
  Dowan (D:5)
  A water moccasin skeleton (D:5)
  A crimson imp (D:5)
  2 hounds
  2 jellies
  Crazy Yiuf (D:2)
  A bullfrog skeleton (D:6)
  2 iguanas
  Jessica (D:3)
  2 centaur skeletons
  4 orc wizards
  A killer bee zombie (D:4)
  A hound skeleton (D:4)
  5 adders
  4 gnolls (D:4)
  A shadow imp (D:6)
  A worm (D:3)
  3 dart slugs
  20 orcs
  3 ball pythons (D:2)
  6 bats
  7 endoplasms
  3 giant cockroaches
  6 goblins
  9 hobgoblins
  4 quokkas
  5 frilled lizards
  12 kobolds
  4 rats
123 creatures vanquished.

Notes
Turn   | Place    | Note
-------+----------+-------------------------------------------
     0 | D:1      | Descartes the Formicid Warper began the quest for the Orb.
     0 | D:1      | Reached XP level 1. HP: 16/16 MP: 3/3
   430 | D:1      | Reached XP level 2. HP: 18/23 MP: 5/5
   874 | D:1      | Reached XP level 3. HP: 28/28 MP: 6/6
  1796 | D:2      | Found a faded altar of an unknown god.
  1869 | D:2      | Found a runed translucent door.
  1870 | D:2      | Noticed Crazy Yiuf
  1929 | D:2      | Reached skill level 2 in Armour
  2017 | D:2      | Reached XP level 4. HP: 34/34 MP: 7/7
  3095 | D:3      | Noticed Jessica
  3106 | D:3      | Reached XP level 5. HP: 27/39 MP: 8/8
  3110 | D:3      | Killed Jessica
  3111 | D:3      | Reached skill level 3 in Armour
  3231 | D:4      | Found Teucau's Weapon Shop.
  3439 | D:4      | Reached XP level 6. HP: 40/46 MP: 9/9
  3544 | D:4      | Reached skill level 4 in Armour
  3578 | D:4      | HP: 1/46 [wyvern zombie (10)]
  3697 | D:4      | Reached XP level 7. HP: 49/51 MP: 10/10
  3827 | D:4      | Reached skill level 5 in Armour
  3827 | D:4      | Reached skill level 5 in Translocations
  3954 | D:4      | Found an ancient bone altar of Kikubaaqudgha.
  4188 | D:5      | Entered Level 5 of the Dungeon
  4202 | D:5      | Noticed Duvessa
  4203 | D:5      | Noticed Dowan
  4365 | D:5      | Noticed Menkaure
  4377 | D:5      | Killed Menkaure
  4511 | D:5      | Learned a level 3 spell: Teleport Other
  4517 | D:5      | Learned a level 5 spell: Manifold Assault
  4578 | D:5      | Reached skill level 6 in Armour
  4578 | D:5      | Reached XP level 8. HP: 50/55 MP: 11/11
  4612 | D:5      | Found a burning altar of Makhleb.
  4781 | D:5      | Killed Duvessa
  4792 | D:5      | Killed Dowan
  5370 | D:2      | Killed Crazy Yiuf
  5371 | D:2      | Reached skill level 7 in Armour
  5886 | D:6      | Found a staircase to the Ecumenical Temple.
  5893 | D:6      | Noticed Blork the orc
  5896 | Temple   | Entered the Ecumenical Temple
  6117 | Temple   | Became a worshipper of Gozag Ym Sagoz the Greedy
  6133 | D:6      | Killed Blork the orc
  6134 | D:6      | Reached XP level 9. HP: 49/62 MP: 12/12
  6188 | D:6      | Reached skill level 1 in Evocations
  6798 | D:7      | Noticed a two-headed ogre
  6860 | D:7      | HP: 3/61 [two-headed ogre (10)]
  6951 | D:6      | Mangled by a two-headed ogre

Illustrated notes

Levels and vault maps discovered:
D:1:      minmay_arrival_arboretum_small, layout_loops_ring, minmay_domino_2
D:2:      layout_basic, dilly_ecumenical_altar_fadedgnrine, kennysheep_potato,
          uniq_crazy_yiuf_cottage
D:3:      layout_basic, uniq_jessica
D:4:      layout_loops_ring, mainiacjoe_overflow_surrounded_room, serial_shops,
          nicolae_shop_crystal
D:5:      layout_rooms, makhleb_grotto_becter, uniq_duvessa, uniq_menkaure
D:6:      layout_layer_cave, minmay_temple_entry_gardened_gates, serial_rivers,
          chequers_serial_rivers_micro_c, chequers_serial_rivers_micro_e,
          chequers_serial_rivers_small_b, chequers_serial_rivers_large_a,
          uniq_blork_the_orc
D:7:      layout_loops_corners, overflow_temple_1_default,
          minmay_misc_feat_square, centaur_isle
Temple:   nicolae_temple_figure_eight

Skill      XL: |  1  2  3  4  5  6  7  8  9 |
---------------+----------------------------+-----
Dodging        | 2 |  2.0
Translocations | 3 4 5 6 |  6.9
Armour         | 2 3 4 6 7 |  7.6
Maces & Flails | 3 4 |  4.1
Evocations     | 1 |  1.8
Fighting       | |  2.5
Throwing       | |  1.3
Spellcasting   | |  2.4

Action                   |  1- 3 |  4- 6 |  7- 9 || total
-------------------------+-------+-------+-------++-------
Melee: Mace              |   128 |    78 |       ||   206
       Punch             |     1 |     3 |     4 ||     8
       Morningstar       |       |    20 |       ||    20
       Whip              |       |    35 |   295 ||   330
 Abil: Dig               |       |       |     4 ||     4
Evoke: Wand              |       |       |     3 ||     3
Armor: Leather armour    |    48 |    16 |       ||    64
       Scale mail        |       |    16 |       ||    16
       Chain mail        |       |    32 |    88 ||   120
       Plate armour      |       |       |    34 ||    34
Dodge: Dodged            |    92 |    70 |    98 ||   260
